AoeStats
← lahwy

Arena

510078070Analyzed
2v2 RM · 1d ago on Sep 29, 2026· 49m 29s· 4 players
Game mode
Random Map
Map size
Medium (4 player)
Population
200
Speed
Normal
Resources
Standard
Victory
Conquest
Starting age
Dark Age
Ending age
Imperial Age
RankedLock teamsTeams togetherTeam positionsShared explorationLock speedFull tech treeHidden civsTurbo modeCheats
Victory
Defeat
🇦🇺 Persians · Australia
783
+14
🇦🇺 Khmer · Australia
772
+14
🇨🇿 Saracens · Czechia
732
-14
🇨🇿 Berbers · Czechia
724
-14
lahwy
0:38 Loom
11:39 Feudal Age
12:08 Double-Bit Axe
12:06 Horse Collar
18:47 Castle Age
17:54 Fletching
19:25 Padded Archer Armor
22:18 Heavy Plow
23:18 Bow Saw
26:16 Town Watch
29:14 Town Patrol
29:52 Wheelbarrow
33:46 Imperial Age
31:39 Husbandry
31:43 Gold Mining
31:44 Stone Mining
32:14 Bodkin Arrow
32:31 Forging
33:03 Bloodlines
34:17 Hand Cart
34:13 Scale Barding Armor
34:43 Iron Casting
34:25 Leather Archer Armor
34:50 Ballistics
34:40 Masonry
33:57 Heavy Camel Rider
35:53 Gold Shaft Mining
36:25 Chemistry
35:51 Elite Mameluke
36:58 Conscription
39:28 Blast Furnace
38:29 Bracer
39:36 Two-Man Saw
41:10 Chain Barding Armor
41:06 Leather Archer Armor
48:21 Counterweights
48:39 Leather Archer Armor
49:00 Plate Barding Armor
48:45 Thumb Ring
48:00 Crossbowman
48:03 Elite Skirmisher
49:13 Arbalester
LangyMeister
6:52 Loom
10:41 Feudal Age
11:09 Double-Bit Axe
11:25 Horse Collar
20:22 Castle Age
19:10 Gold Mining
19:11 Stone Mining
21:19 Bow Saw
21:57 Gold Shaft Mining
21:43 Fletching
21:53 Padded Archer Armor
23:13 Wheelbarrow
25:56 Stone Shaft Mining
32:06 Imperial Age
29:50 Bodkin Arrow
30:10 Leather Archer Armor
30:01 Scale Barding Armor
30:27 Forging
33:34 Hand Cart
33:13 Elite Camel Archer
33:58 Onager
44:23 Bracer
44:53 Ring Archer Armor
HamRollBlud2989
0:27 Loom
13:00 Feudal Age
17:00 Castle Age
15:21 Double-Bit Axe
15:53 Horse Collar
19:33 Scale Barding Armor
19:48 Stone Mining
20:42 Bow Saw
21:25 Heavy Plow
24:58 Wheelbarrow
24:59 Chain Barding Armor
26:24 Gold Mining
27:56 Forging
30:57 Bloodlines
33:17 Gold Shaft Mining
35:35 Imperial Age
35:41 Iron Casting
35:07 Scale Mail Armor
34:33 Pikeman
35:18 Squires
35:08 Arson
36:32 Crop Rotation
37:08 Two-Man Saw
36:45 Stone Shaft Mining
36:27 Citadels
36:11 Heavy Camel Rider
40:15 Halberdier
41:20 Chain Mail Armor
42:28 Plate Barding Armor
44:32 Plate Mail Armor
46:38 Blast Furnace
47:20 Hand Cart
abrahamalan_95
12:42 Feudal Age
15:39 Castle Age
13:56 Double-Bit Axe
13:53 Horse Collar
14:08 Gold Mining
15:14 Loom
15:39 Stone Mining
16:53 Bow Saw
16:45 Heavy Plow
21:15 Wheelbarrow
20:37 Town Watch
27:56 Stone Shaft Mining
27:56 Gold Shaft Mining
28:03 Gold Shaft Mining
28:01 Bloodlines
27:52 Husbandry
33:33 Imperial Age
33:43 Imperial Age
31:37 Hand Cart
32:39 Scale Barding Armor
32:45 Forging
32:27 Fletching
32:37 Padded Archer Armor
34:21 Town Patrol
34:40 Scale Mail Armor
35:01 Chain Barding Armor
35:19 Iron Casting
34:39 Bodkin Arrow
36:02 Conscription
35:18 Cavalier
36:17 Chain Mail Armor
36:18 Leather Archer Armor
36:30 Ballistics
37:10 Chemistry
36:17 Siege Engineers
36:27 Pikeman
37:59 Capped Ram
41:52 Halberdier
43:37 Plate Barding Armor
44:03 Blast Furnace
44:35 Caravan
Connection lost

Rejoining the realm…

Still unreachable

The connection could not be restored.

Session expired

The server has moved on; the page needs a fresh start.